 Dungeon Crawl Stone Soup version 0.21.1-1-g345015f (webtiles) character file.

47 Limpidissima the Conjurer (level 3, -4/26 HPs)
             Began as a Draconian Conjurer on July 19, 2018.
             Slain by an adder (5 damage)
             ... on level 2 of the Dungeon.
             The game lasted 00:07:44 (1640 turns).

Limpidissima the Conjurer (Draconian Conjurer)      Turns: 1640, Time: 00:07:45

Health: -4/26      AC:  5    Str: 10    XL:     3   Next: 48%
Magic:  7/7        EV: 12    Int: 16    God:
Gold:   101        SH:  0    Dex: 11    Spells: 4/8 levels left

rFire    . . .     SeeInvis .   c - +0 mace
rCold    . . .     Gourm    .   (no shield)
rNeg     + . .     Faith    .   (armour unavailable)
rPois    .         Spirit   .   (helmet restricted)
rElec    .         Reflect  .   (no cloak)
rCorr    .         Harm     .   (no gloves)
MR       .....                  (no boots)
Stlth    ++........             (no amulet)
HPRegen  0.08/turn              l - ring of positive energy
MPRegen  0.10/turn              (no ring)

@: lethally poisoned (-4 -> -14), very slightly contaminated
A: unfitting armour, cold-blooded, AC +5
a: no special abilities


You were on level 2 of the Dungeon.
You were not hungry.

You visited 1 branch of the dungeon, and saw 2 of its levels.

You collected 101 gold pieces.

Inventory:

Hand Weapons
 c - a +0 mace (weapon)
Jewellery
 l - a ring of positive energy (left hand)
Scrolls
 d - a scroll of fear {unknown}
 e - 3 scrolls of remove curse {unknown}
 j - a scroll of blinking {unknown}
 k - a scroll of random uselessness {unknown}
 m - a scroll of enchant armour {unknown}
Potions
 f - a potion of cancellation {unknown}
 g - a potion of heal wounds {unknown}
 h - 2 potions of invisibility {unknown}
 i - 2 potions of lignification {unknown}
Books
 a - a book of Conjurations

   Spells                             Type                      Level
   a - Magic Dart                     Conjuration                  1
   b - Searing Ray                    Conjuration                  2
   c - Dazzling Spray                 Conjuration/Hexes            3
   d - Fulminant Prism                Conjuration/Hexes            4
   e - Force Lance                    Conjuration/Translocation    4
   f - Iskenderun's Mystic Blast      Conjuration                  4
Comestibles
 b - 3 rations
 n - 4 chunks of flesh


   Skills:
 - Level 1.7 Dodging
 - Level 1.7 Stealth
 * Level 3.2 Spellcasting
 + Level 4.4 Conjurations


You had 4 spell levels left.
You knew the following spells:

 Your Spells              Type           Power        Failure   Level  Hunger
a - Magic Dart            Conj           ###.         3%          1    None
b - Dazzling Spray        Conj/Hex       #.....       22%         3    ###....


Dungeon Overview and Level Annotations

Branches:
Dungeon (2/15)

Altars:


Innate Abilities, Weirdness & Mutations

Your plain brown scales are hard. (AC +5)
You cannot fit into any form of body armour.
You are cold-blooded and may be slowed by cold attacks.


Message History

* * * LOW HITPOINT WARNING * * *
You are more poisoned.
The adder poisons you! The adder closely misses you.
The adder bites you but does no damage.
* * * LOW HITPOINT WARNING * * *
You feel sick. The adder closely misses you.
* * * LOW HITPOINT WARNING * * *
You feel sick.
* * * LOW HITPOINT WARNING * * *
You feel sick.
* * * LOW HITPOINT WARNING * * *
You feel sick. The adder barely misses you.
The adder bites you but does no damage.
* * * LOW HITPOINT WARNING * * *
You feel sick.
You hit the adder but do no damage.
The adder is almost dead.
* * * LOW HITPOINT WARNING * * *
You feel sick. The adder bites you.
You die...

.#)######## #..
.#)## ..... #.#
.#<.# ≈≈.≈§.#.#
.##.# ≈§≈.§.#.#
....# .≈≈≈..'.#
...># #h#### #...#
#S..b# #)..#
#.##S# #...#
####.##@#
##########.#####.#
#.....>.##.#####.#
#.#####.##.......#
#.#####.##.#######
..##..)....#
#.##.##.####
#.##.##.#
#.......#


You could see an adder and a bat.

Vanquished Creatures
  An adder (D:2)
  2 oozes (D:2)
  A worm (D:2)
  6 bats (D:1)
  A giant cockroach (D:2)
  3 goblins
  4 hobgoblins
  5 kobolds
  3 frilled lizards
  2 rats
28 creatures vanquished.

Notes
Turn   | Place    | Note
-------+----------+-------------------------------------------
     0 | D:1      | Limpidissima the Draconian Conjurer began the quest for the Orb.
     0 | D:1      | Reached XP level 1. HP: 14/14 MP: 3/3
   274 | D:1      | Reached XP level 2. HP: 20/20 MP: 1/5
  1328 | D:2      | Reached XP level 3. HP: 16/26 MP: 1/7
  1485 | D:2      | Learned a level 3 spell: Dazzling Spray
  1640 | D:2      | HP: 1/26 [poisoned by an adder]
  1640 | D:2      | Slain by an adder

Skill      XL: |  1  2 |
---------------+-------+-----
Spellcasting   | 3 |  3.2
Dodging        | |  1.7
Stealth        | |  1.7
Conjurations   | |  4.4

Action                   || total
-------------------------++-------
Melee: Dagger            ||    52
       Tailslap          ||    14
       Unarmed           ||     1
       Mace              ||     9
 Cast: Magic Dart        ||    52
       Dazzling Spray    ||     1
 Stab: Sleeping          ||     1
  Eat: Ration            ||     1
Armor: Skin              ||    20
Dodge: Dodged            ||    41
